 Dungeon Crawl Stone Soup version bcrawl-1.27.6 (webtiles) character file.

Game seed: 5354635019143100509

120180 Faustar the Skirmisher (level 3, -1/24 HPs)
             Began as a Gargoyle Berserker on Sept 20, 2020.
             Was a Believer of Trog.
             Slain by a jackal (2 damage)
             ... on level 1 of the Dungeon.
             The game lasted 00:01:41 (1434 turns).

Faustar the Skirmisher (Gargoyle Berserker)         Turns: 1434, Time: 00:01:42

Health: -1/24      AC:  5    Str: 21    XL:     3   Next: 87%
Magic:  3/3        EV: 12    Int:  7    God:    Trog [**....]
Gold:   61         SH:  0    Dex:  9    Spells: 2/2 levels left

rFire    . . .     SeeInvis .   a - +1 mace
rCold    . . .     Gourm    .   (no shield)
rNeg     + . .     Faith    .   b - +0 animal skin
rPois    ∞         Spirit   .   (no helmet)
rElec    +         Reflect  .   (no cloak)
rCorr    .         Harm     .   (no gloves)
MR       .....                  (no boots)
Stlth    +.........             (no amulet)
HPRegen  0.08/turn              (no ring)
MPRegen  0.08/turn              (no ring)

@: berserk cooldown, slowed, very slow
A: negative energy resistance 1, electricity resistance, unbreathing,
petrification resistance, rot immunity, AC +3
a: Berserk, Trog's Hand, Renounce Religion


You were on level 1 of the Dungeon.
You worshipped Trog.
Trog was pleased with you.
You were hungry.

You visited 1 branch of the dungeon, and saw 2 of its levels.

You collected 61 gold pieces.

Inventory:

Hand Weapons
 a - a +1 mace (weapon)
Armour
 b - a +0 animal skin (worn)
Jewellery
 f - an uncursed ring of resist corrosion {unknown}
Scrolls
 c - a scroll of teleportation {unknown}
 d - a scroll of identify
 h - a scroll of magic mapping {unknown}
 j - a scroll of enchant armour {unknown}
Comestibles
 e - 3 rations {!d}


   Skills:
 + Level 4.3 Fighting
 + Level 3.9 Maces & Flails
 - Level 2.1 Armour
 - Level 1.5 Dodging


You had 2 spell levels left.
You didn't know any spells.
Your spell library was empty.

Dungeon Overview and Level Annotations

Branches:
Dungeon (2/12)

Altars:

Annotations:
D:2 Robin


Innate Abilities, Weirdness & Mutations

You are resistant to torment.
Your stone body is resilient. (AC +3)
You are immune to poison.
You resist negative energy. (rN+)
You are resistant to electric shocks. (rElec)
You can survive without breathing.
You are immune to petrification.
You are immune to rotting.


Message History

* * * LOW HITPOINT WARNING * * *
The hobgoblin hits you with a +0 club.
* * * LOW HITPOINT WARNING * * *
The goblin closely misses you. The jackal misses you.
The hobgoblin hits you with a +0 club.
* * * LOW HITPOINT WARNING * * *
The goblin closely misses you.
The goblin no longer looks unusually strong.
The jackal misses you.
Things that are here:
a +0 club; a goblin corpse The jackal closely misses you.
You aren't carrying any items that you can evoke.
You aren't carrying any potions.
Unknown command.
As you read the scroll labeled VORUIN SYLUHEG, it crumbles to dust.
It is a scroll of enchant weapon.
Your +0 mace glows red for a moment.
The jackal barely misses you. The jackal bites you.
You die...

.....####.#.#####....>#
.....####.#.# #####.#
........#.#.# #.#
....###.#.#.# ###.#
..........#.### #...#
.....##.#.....# #.###
........#.#.#.# #.#
.....#..#.#.#.#####.#
####.#..#....ggh@...#
#.#..#.###.#######
#.#........#
#.#.##.#####
#......#######
#.#..........#
#.+..........#
###..........#
######..........#


You could see a jackal, a hobgoblin and a goblin.

Vanquished Creatures
  An adder (D:2)
  2 leopard geckos (D:1)
  A ball python (D:1)
  4 bats
  A giant cockroach (D:1)
  13 goblins
  5 hobgoblins (D:1)
  6 kobolds (D:1)
  A frilled lizard (D:1)
  4 rats (D:1)
  A fungus (D:1)
39 creatures vanquished.

Notes
Turn   | Place    | Note
-------+----------+-------------------------------------------
     0 | D:1      | Faustar the Gargoyle Berserker began the quest for the Orb.
     0 | D:1      | Reached XP level 1. HP: 14/14 MP: 1/1
   202 | D:1      | Reached XP level 2. HP: 18/19 MP: 2/2
   781 | D:1      | Reached XP level 3. HP: 17/24 MP: 3/3
   844 | D:1      | Reached skill level 4 in Fighting
  1411 | D:2      | Noticed Robin
  1419 | D:2      | Reached ** piety under Trog
  1431 | D:1      | HP: 1/24 [hobgoblin/+0 club[Robin] (3)]
  1434 | D:1      | Slain by a jackal

Skill      XL: |  1  2  3 |
---------------+----------+-----
Fighting       | 4 |  4.3
Maces & Flails | |  3.9
Armour         | |  2.1
Dodging        | |  1.5

Action                   || total
-------------------------++-------
Melee: Mace              ||   119
Invok: Berserk           ||     2
  Use: Scroll            ||     1
  Eat: Chunk             ||     6
Armor: Animal skin       ||    48
Dodge: Dodged            ||    88
